 Dungeon Crawl Stone Soup version 0.27.1-2-g3b301248ec (webtiles) character file.

Game seed: 10930415133261262722

58240 WM2K the Peltast (level 14, -11/130 HPs)
             Began as a Minotaur Berserker on Sept 29, 2021.
             Was a High Priest of Trog.
             Mangled by a wolf spider (16 damage)
             ... on level 3 of the Lair of Beasts on Sept 30, 2021.
             The game lasted 02:07:30 (32160 turns).

WM2K the Peltast (Minotaur Berserker)              Turns: 32160, Time: 02:07:30

Health: -11/130    AC: 14    Str: 26    XL:     14   Next: 48%
Magic:  13/13      EV:  9    Int:  4    God:    Trog [*****.]
Gold:   849        SH:  0    Dex: 11    Spells: 13/13 levels left

rFire    + . .     SeeInvis .   v - +5 flail "Nianumoew" {drain, rF+ rN++ Will+}
rCold    . . .     Faith    +   Q - +0 kite shield
rNeg     + + .     Spirit   .   L - +0 plate armour
rPois    +         Reflect  .   (helmet restricted)
rElec    .         Harm     .   s - +0 cloak
rCorr    .         Rampage  .   o - +0 pair of gloves
Will     ++++.                  I - +2 pair of boots
Stlth    ..........             N - amulet of faith
HPRegen  1.31/turn              F - ring of Symmetry {rPois EV+4}
MPRegen  0.13/turn              c - ring of poison resistance

@: lethally poisoned (-11 -> -21), about to teleport, strong-willed, corroded,
on berserk cooldown, held, regenerating, slowed, very slow
A: horns 2, retaliatory headbutt
a: Renounce Religion, Berserk, Trog's Hand, Brothers in Arms


You were on level 3 of the Lair of Beasts.
You worshipped Trog.
Trog was extremely pleased with you.
You visited 4 branches of the dungeon, and saw 18 of its levels.

You collected 1036 gold pieces.
You spent 187 gold pieces at shops.

Inventory:

Hand Weapons
 v - the +5 flail "Nianumoew" (weapon) {drain, rF+ rN++ Will+}
   (You found it on level 6 of the Lair of Beasts)

   A truly terrible weapon, it drains the life of any living foe it strikes.
   rF:        It protects you from fire.
   rN:        It greatly protects you from negative energy.
   Will:      It increases your willpower.
 D - a +4 flail of protection
 E - a +3 vorpal morningstar
Missiles
 t - 21 boomerangs (quivered)
 G - 7 throwing nets
Armour
 o - a +0 pair of gloves (worn)
 s - a +0 cloak (worn)
 I - a +2 pair of boots (worn)
 L - a +0 plate armour (worn)
 Q - a +0 kite shield (worn)
 V - a +2 ring mail of fire resistance
Jewellery
 c - a ring of poison resistance (right hand)
 d - a ring of fire
 y - an amulet of reflection
 F - the ring of Symmetry (left hand) {rPois EV+4}
   (You found it on level 7 of the Dungeon)

   [ring of evasion]

   EV:        It affects your evasion (+4).
   rPois:     It protects you from poison.
 H - an amulet of the acrobat
 J - a ring of willpower
 N - an amulet of faith (around neck)
 S - a ring of resist corrosion
 T - an amulet of guardian spirit
 Y - a ring of protection from cold
Wands
 a - a wand of mindburst (38)
 g - a wand of acid (19)
 k - a wand of digging (7)
 x - a wand of iceblast (9)
 B - a wand of paralysis (5)
 P - a wand of flame (27)
 X - a wand of polymorph (11)
Scrolls
 e - 2 scrolls of summoning {unknown}
 h - 5 scrolls of identify
 j - 3 scrolls of immolation
 l - 2 scrolls of brand weapon {unknown}
 m - 5 scrolls of enchant armour
 n - 2 scrolls of blinking
 p - 2 scrolls of magic mapping
 q - 6 scrolls of teleportation
 r - a scroll of vulnerability {unknown}
 K - a scroll of acquirement {unknown}
 R - 2 scrolls of enchant weapon {unknown}
 Z - a scroll of torment {unknown}
Potions
 b - 2 potions of mutation {unknown}
 f - a potion of brilliance {unknown}
 i - 5 potions of haste
 u - 4 potions of magic {unknown}
 w - 2 potions of berserk rage
 z - a potion of degeneration {unknown}
 A - 2 potions of flight {unknown}
 C - 3 potions of curing
 M - a potion of cancellation {unknown}
 O - 3 potions of lignification {unknown}
 U - 2 potions of ambrosia {unknown}
 W - 3 potions of attraction {unknown}


   Skills:
 + Level 13.8 Fighting
 - Level 12.0(14.6) Axes
 * Level 14.1(15.6) Maces & Flails
 + Level 12.4 Armour
 - Level 4.8 Dodging
 - Level 1.1 Stealth
 - Level 15.0 Shields


You had 13 spell levels left.
You didn't know any spells.
Your spell library was empty.

Dungeon Overview and Level Annotations

Branches:
Dungeon (10/15)            Temple (0/1) D:5            Lair (6/6) D:10
 Shoals (1/4) Lair:3       Spider (1/4) Lair:3        Slime (0/5) Lair:6
    Orc (0/2) D:10

Altars:
Elyvilon
Nemelex Xobeh
Ru
Sif Muna
Vehumet
Yredelemnul
Jiyva

Shops:
D:5 ?   D:6 *   Shoals:1 *

Annotations:
Lair:3 exclusion: oklob plant
Lair:6 exclusion: oklob plant


Innate Abilities, Weirdness & Mutations

You have a pair of horns on your head.
You reflexively headbutt those who attack you in melee.


Message History

You are more poisoned.
The redback poisons you! You block the wolf spider's attack. x2
You block the redback's attack.
The jumping spider completely misses you.
You furiously retaliate!
You headbutt the jumping spider! The jumping spider bites you.
You block the wolf spider's attack. x2
Your skin crawls.
You feel strong-willed.
You feel extremely sick. You block the redback's attack.
The jumping spider pounces on you but does no damage.
You block the jumping spider's attack. The wolf spider barely misses you.
You block the wolf spider's attack. The redback completely misses you.
You furiously retaliate!
You headbutt the redback!
The jumping spider completely misses you.
The jumping spider barely misses you. The wolf spider hits you.
The wolf spider completely misses you.
You hit the wolf spider but do no damage.
You headbutt the wolf spider!
The wolf spider is moderately wounded.
You feel extremely sick. You block the redback's attack.
The jumping spider pounces on you.
* * * LOW HITPOINT WARNING * * *
You block the jumping spider's attack. The wolf spider hits you!
* * * LOW HITPOINT WARNING * * *
You block the wolf spider's attack. You block the redback's attack.
The jumping spider pounces on you!
* * * LOW HITPOINT WARNING * * *
You are caught in a web!
The jumping spider bites you but does no damage.
As you read the scroll of teleportation, it crumbles to dust.
You feel strangely unstable.
* * * LOW HITPOINT WARNING * * *
You feel extremely sick.
The wolf spider hits you but does no damage.
The wolf spider bites you but does no damage.
The redback bites you!
* * * LOW HITPOINT WARNING * * *
The wolf spider hits you!
You die...

♣.≈≈?.......##........# #..## ###
..≈≈.♣P..............## #..## #
.....#.#.............####...#####
#[....###.............##P..#..#P#
#.#.##.....[.....................
.#[.#.#...##.##..###..######.#.##
##...##..############.## ###.##
#..###..# ##.ss.##..# ##.).#
#..####.# ###..@.###.#### #.#.##
##.###.#.###....s.#.#.##.####..#.
..........##^^..^##..............
P.#####.###...^.####.#.#.##..####
### #..##.^^.^## ###.##.#P.## #
##....^.### #.#####..# #....####
#.# #..## #
###...##..########.####..####
#####.....#...#.##P.##.##.##...#.


You could see a wolf spider (drained), a jumping spider (drained) and a redback.

Vanquished Creatures
  Gastronok (Lair:3)
  The ghost of Zkahoot the Eclecticist, an adept DEFE of Sif Muna (Lair:5)
  An entropy weaver (Spider:1)
  A dire elephant (Lair:6)
  A merfolk impaler (Shoals:1)
  Harold (D:7)
  7 hydras
  Fannar (Lair:2)
  Erica (D:8)
  2 merfolk avatars
  A two-headed ogre (D:5)
  A merfolk aquamancer (Shoals:1)
  Sonja (Lair:1)
  2 sea snakes
  5 harpies
  A faun (Shoals:1)
  5 manticores
  An ugly thing (D:8)
  3 merfolk sirens
  13 elephants
  5 black mambas
  16 cane toads
  An unseen horror (D:10)
  Psyche (D:7)
  3 rime drakes
  15 komodo dragons
  4 merfolk (Shoals:1)
  3 polar bears
  A jumping spider (Lair:3)
  2 wind drakes (Shoals:1)
  2 hornets
  5 blink frogs (Lair:6)
  4 snapping turtles
  Grinder (D:6)
  3 dream sheep (Shoals:1)
  A vampire (D:8)
  3 redbacks (Lair:3)
  2 wyverns
  5 water elementals (Shoals:1)
  29 yaks
  2 basilisks
  5 steam dragons
  A vampire mosquito (D:8)
  An acid dragon (D:10)
  Edmund (D:6)
  4 orc warriors
  13 water moccasins
  4 black bears
  A sky beast (D:4)
  2 ice beasts
  2 necrophages (D:7)
  20 wolves
  2 ogres
  4 centaurs
  7 kobold brigands
  5 gnoll sergeants
  5 scorpions
  13 bullfrogs
  2 wyvern zombies
  2 water moccasin skeletons (D:5)
  8 killer bees
  3 electric eels (Lair:2)
  5 howler monkeys
  4 jellies
  A bullfrog zombie (D:6)
  2 centaur zombies
  7 hounds
  12 orc priests
  A bullfrog skeleton (D:6)
  2 gnoll shamans
  8 orc wizards
  4 iguanas
  A centaur simulacrum (D:8)
  A howler monkey zombie (D:8)
  A mummy (D:4)
  6 adders
  20 gnolls
  4 ufetubi
  2 worms
  2 dart slugs (D:1)
  36 orcs
  5 endoplasms
  5 giant cockroaches
  14 hobgoblins
  2 jackals (D:1)
  27 kobolds
  3 quokkas
  3 ball pythons
  A bat (D:1)
  2 frilled lizards
  5 goblins
  5 rats
  A bush (Lair:4)
455 creatures vanquished.

Vanquished Creatures (others)
  An orc wizard (D:8)
  38 fungi
  119 plants
158 creatures vanquished.

Grand Total: 613 creatures vanquished

Notes
Turn   | Place    | Note
-------+----------+-------------------------------------------
     0 | D:1      | WM2K the Minotaur Berserker began the quest for the Orb.
     0 | D:1      | Reached XP level 1. HP: 19/19 MP: 0/0
   374 | D:1      | Reached XP level 2. HP: 24/27 MP: 1/1
   449 | D:1      | Found a faded altar of an unknown god.
   593 | D:1      | Reached XP level 3. HP: 21/33 MP: 2/2
   772 | D:1      | Reached ** piety under Trog
  2007 | D:3      | Reached skill level 5 in Axes
  2007 | D:3      | Reached XP level 4. HP: 40/40 MP: 3/3
  2693 | D:4      | Identified the +1 leather armour of Hajaquafo {rElec}
  2715 | D:4      | Noticed an ice beast
  2724 | D:4      | Killed an ice beast
  2725 | D:4      | Reached XP level 5. HP: 35/47 MP: 4/4
  2955 | D:4      | Noticed a sky beast
  2967 | D:4      | Killed a sky beast
  2968 | D:4      | Reached skill level 5 in Fighting
  2968 | D:4      | Reached XP level 6. HP: 35/56 MP: 5/5
  3664 | D:4      | Reached XP level 7. HP: 61/61 MP: 6/6
  3986 | D:5      | Entered Level 5 of the Dungeon
  3994 | D:5      | Noticed a two-headed ogre
  4740 | D:5      | Killed a two-headed ogre
  4741 | D:5      | Reached skill level 5 in Armour
  4741 | D:5      | Reached skill level 1 in Stealth
  4741 | D:5      | Reached XP level 8. HP: 62/70 MP: 7/7
  5002 | D:5      | Reached *** piety under Trog
  5399 | D:5      | Found a sacrificial altar of Ru.
  5445 | D:5      | Reached skill level 1 in Maces & Flails
  5790 | D:5      | Found a staircase to the Ecumenical Temple.
  5944 | D:5      | Found Xuuxzye's Magic Scroll Boutique.
  5954 | D:5      | Bought a scroll of teleportation for 45 gold pieces
  5954 | D:5      | Bought a scroll of enchant armour for 112 gold pieces
  5954 | D:5      | Bought a scroll of identify for 30 gold pieces
  6438 | D:6      | Found Qoqa's Assorted Antiques.
  6726 | D:6      | Reached XP level 9. HP: 79/79 MP: 8/8
  6728 | D:6      | Reached skill level 5 in Maces & Flails
  6745 | D:6      | Noticed Grinder
  7781 | D:6      | Killed Grinder
  8683 | D:6      | Noticed Edmund
  8720 | D:6      | Killed Edmund
  9064 | D:7      | Reached **** piety under Trog
  9909 | D:7      | Identified the ring of Symmetry {rPois EV+4}
 10001 | D:7      | Noticed Harold
 10017 | D:7      | Killed Harold
 10018 | D:7      | Reached XP level 10. HP: 41/91 MP: 9/9
 10662 | D:8      | Reached skill level 10 in Maces & Flails
 11331 | D:8      | Noticed Psyche
 11409 | D:8      | Reached skill level 10 in Fighting
 11548 | D:7      | Killed Psyche
 11882 | D:8      | Noticed Erica
 11907 | D:8      | Killed Erica
 12446 | D:8      | Noticed a brown ugly thing
 12454 | D:8      | Killed a brown ugly thing
 12509 | D:8      | Noticed a manticore
 12524 | D:8      | Killed a manticore
 12525 | D:8      | Reached XP level 11. HP: 102/102 MP: 10/10
 13542 | D:9      | Found a basalt altar of Yredelemnul.
 13630 | D:9      | Found a radiant altar of Vehumet.
 14203 | D:9      | Reached skill level 1 in Shields
 14623 | D:9      | Found a white marble altar of Elyvilon.
 14896 | D:10     | Entered Level 10 of the Dungeon
 15133 | D:10     | Reached skill level 2 in Shields
 15479 | D:10     | Reached skill level 3 in Shields
 16049 | D:10     | Found a shimmering blue altar of Sif Muna.
 16188 | D:10     | Found a staircase to the Lair.
 16242 | D:10     | Found a staircase to the Orcish Mines.
 16262 | Lair:1   | Entered Level 1 of the Lair of Beasts
 16273 | Lair:1   | Reached skill level 4 in Shields
 16287 | Lair:1   | Reached ***** piety under Trog
 16288 | Lair:1   | Reached skill level 5 in Shields
 16360 | Lair:1   | Reached skill level 6 in Shields
 16430 | Lair:1   | Noticed a six-headed hydra
 16443 | Lair:1   | Killed a six-headed hydra
 16444 | Lair:1   | Reached skill level 7 in Shields
 16645 | Lair:1   | Noticed a four-headed hydra
 16646 | Lair:1   | Noticed Sonja
 16662 | Lair:1   | Killed a four-headed hydra
 16663 | Lair:1   | Reached skill level 8 in Shields
 16834 | Lair:1   | Reached skill level 9 in Shields
 17554 | Lair:1   | Reached skill level 10 in Shields
 17637 | Lair:1   | Reached XP level 12. HP: 112/112 MP: 11/11
 17861 | Lair:2   | Noticed Fannar
 17875 | Lair:2   | Killed Fannar
 17876 | Lair:2   | Reached skill level 11 in Shields
 18231 | Lair:1   | Killed Sonja
 19712 | Lair:2   | Reached skill level 12 in Shields
 21401 | Lair:3   | Identified the +2 rapier "Kokhamn" {vamp, rC+ Int+3}
 21467 | Lair:3   | Found a staircase to the Shoals.
 21708 | Lair:3   | Reached skill level 13 in Shields
 21982 | Lair:3   | Noticed Gastronok
 22010 | Lair:3   | Killed Gastronok
 22011 | Lair:3   | Reached skill level 14 in Shields
 22291 | Lair:3   | Found the +2 robe of Vines {NoPotionHeal Regen+++}
 22811 | Lair:3   | Noticed a four-headed hydra
 22821 | Lair:3   | Killed a four-headed hydra
 22822 | Lair:3   | Reached skill level 15 in Shields
 23060 | Lair:3   | Noticed a seven-headed hydra
 23069 | Lair:3   | Killed a seven-headed hydra
 23478 | Lair:3   | Found a hole to the Spider Nest.
 23528 | Lair:3   | Reached XP level 13. HP: 108/117 MP: 12/12
 23849 | Lair:4   | Reached skill level 10 in Axes
 24914 | Lair:4   | Found a sparkling altar of Nemelex Xobeh.
 26138 | Lair:5   | Found a runed translucent gate.
 26138 | Lair:5   | Found a runed translucent gate.
 26138 | Lair:5   | Found a runed translucent gate.
 26139 | Lair:5   | Noticed Zkahoot's ghost (adept DEFE)
 26367 | Lair:5   | Killed Zkahoot's ghost
 26367 | Lair:5   | Received a gift from Trog
 27130 | Lair:6   | Entered Level 6 of the Lair of Beasts
 27232 | Lair:6   | Reached skill level 10 in Armour
 28681 | Lair:6   | Noticed a dire elephant
 28720 | Lair:6   | Killed a dire elephant
 28860 | Lair:6   | Reached XP level 14. HP: 123/129 MP: 13/13
 29275 | Lair:6   | Found a viscous altar of Jiyva.
 29275 | Lair:6   | Found a staircase to the Slime Pits.
 29431 | Lair:6   | Received a gift from Trog
 29906 | Lair:6   | Identified the +5 flail "Nianumoew" {drain, rF+ rN++ Will+}
 30261 | Shoals:1 | Entered Level 1 of the Shoals
 31074 | Shoals:1 | Found Tagiaremo's Assorted Antiques.
 32132 | Spider:1 | Entered Level 1 of the Spider Nest
 32160 | Lair:3   | HP: 5/130 [redback (10)]
 32160 | Lair:3   | Mangled by a wolf spider

Illustrated notes

Levels and vault maps discovered:
D:1:      kennysheep_arrival_seaside, layout_rooms,
          hellmonk_ecumenical_altar_zigzags, chequers_jeans,
          lexackson_kobold_supper
D:2:      layout_rooms
D:3:      layout_loops_ring, chequers_serial_rivers_small_b, minmay_distorted
D:4:      layout_rooms, gup_ossuary_entry_pyramid, palyth_stone_intersect
D:5:      layout_basic, lemuel_doored_altar, minmay_temple_entry_butterflies,
          serial_shops, nicolae_lakefront_shop, minmay_chambers_of_fives
D:6:      layout_basic, serial_shops, nicolae_lakefront_shop, serial_glass,
          glass_columns_b, glass_columns_a, uniq_edmund, uniq_grinder
D:7:      layout_basic, uniq_harold
D:8:      nzn_winding_woodlands_three_and_one [nzn_winding_woodlands_5x15_pool,
          nzn_winding_woodlands_5x15_crooked,
          nzn_winding_woodlands_5x15_longhouse,
          nzn_winding_woodlands_center_lodge], layout_basic, minmay_small_thing,
          uniq_psyche, uniq_erica
D:9:      kennysheep_housing_project, layout_gridville, kennysheep_ying_yang,
          kennysheep_little_box
D:10:     layout_basic, mainiacjoe_overflow_small_starburst,
          nicolae_uskayaw_murder_on_the_dancefloor, lair_entry_dummy,
          orc_0_dummy, chequers_avenue
Lair:1:   layout_cave_pods, serial_rivers, chequers_serial_rivers_small_a,
          chequers_serial_rivers_micro_e, chequers_serial_rivers_large_a,
          chequers_serial_rivers_marsh, beast_lair_carwin_8, uniq_sonja
Lair:2:   layout_concentric_octagons, chequers_serial_rivers_micro_b,
          minivault_25, serial_bayou_lake_a, uniq_fannar
Lair:3:   layout_small_grid, minmay_shoals_entry_lonely_mermaid,
          spider_nest_entry_funnel_web, hellmonk_guarded_unrand_vines,
          uniq_gastronok
Lair:4:   layout_cave_pods, basic_altar, grunt_megastairs_1, lemuel_fruit_tree,
          serial_bayou_shore_b
Lair:5:   layout_hall_layers, ebering_ghost_rock_garden, serial_bayou_pond_b,
          grunt_megastairs_2
Lair:6:   gammafunk_lair_ancient_temple, layout_regular_city,
          dpeg_slime_entry_enclosed_altar
Shoals:1: layout_shoals, serial_shops, shop
Spider:1: layout_spider_delve

Skill      XL: |  1  2  3  4  5  6  7  8  9 10 11 12 13 14 |
---------------+-------------------------------------------+-----
Axes           | 4 5 6 7 9 11 12 | 12.0
Fighting       | 4 5 6 7 9 11 13 | 13.8
Dodging        | 3 4 |  4.8
Armour         | 3 5 6 11 12 | 12.4
Stealth        | 1 |  1.1
Maces & Flails | 4 9 12 14 | 14.1
Shields        | 10 15 | 15.0

Action                   |  1- 3 |  4- 6 |  7- 9 | 10-12 | 13-15 || total
-------------------------+-------+-------+-------+-------+-------++-------
Melee: Hand axe          |    96 |    63 |    34 |       |       ||   193
       Headbutt          |    14 |    10 |    47 |   162 |   196 ||   429
       Flail             |       |       |   192 |   730 |   652 ||  1574
       Unarmed           |       |       |       |     5 |       ||     5
       Morningstar       |       |       |       |       |    19 ||    19
Throw: Dart              |       |       |     2 |       |       ||     2
Invok: Berserk           |     1 |     3 |    10 |    23 |     8 ||    45
       Trog's Hand       |       |       |       |       |     2 ||     2
  Use: Scroll            |       |       |     1 |     3 |     3 ||     7
Armor: Animal skin       |    12 |       |       |       |       ||    12
       Ring mail         |     9 |    12 |       |       |       ||    21
       Scale mail        |       |     6 |   115 |    24 |       ||   145
       Plate armour      |       |       |       |   312 |   244 ||   556
       Skin              |       |       |       |     2 |       ||     2
Dodge: Dodged            |    65 |    33 |   128 |   374 |   245 ||   845
Block: Kite shield       |       |       |       |       |   424 ||   424
